 Dungeon Crawl Stone Soup version 0.30.0-19-g36f170ea60 (webtiles) character file.

Game seed: 18145329672558090522

96 Graphine the Covert (level 4, -10/22 HPs)
             Began as a Spriggan Brigand on June 1, 2023.
             Mangled by an iguana (12 damage)
             ... on level 3 of the Dungeon.
             The game lasted 00:06:04 (1947 turns).

Graphine the Covert (Spriggan Brigand)              Turns: 1947, Time: 00:06:04

Health: -10/22     AC:  3    Str:  7    XL:     4   Next: 41%
Magic:  5/5        EV: 16    Int: 12    God:
Gold:   170        SH:  0    Dex: 18    Spells: 3/3 levels left

rFire   . . .        q - +2 dagger (speed)
rCold   . . .        (no shield)
rNeg    . . .        b - +0 robe
rPois   .            (helmet restricted)
rElec   .            c - +0 cloak
rCorr   .            (gloves unavailable)
SInv    +            (boots unavailable)
Will    .....        (no amulet)
Stlth   ++++         (no ring)
HPRegen 0.23/turn    (no ring)
MPRegen 0.09/turn

%: no passive effects
@: very quick
A: very small, no large weapons, unfitting armour, see invisible, speed 3
a: no special abilities


You were on level 3 of the Dungeon.
You visited 1 branch of the dungeon, and saw 3 of its levels.

You collected 170 gold pieces.

Inventory:

Hand Weapons
 a - a +2 dagger
 q - a +2 dagger of speed (weapon)
Missiles
 e - 2 curare-tipped darts (quivered)
 l - 7 poisoned darts
Armour
 b - a +0 robe (worn)
 c - a +0 cloak (worn)
 g - a +2 pair of gloves
Magical Staves
 i - a staff of cold
Jewellery
 k - a +6 ring of strength
Potions
 d - a potion of degeneration
 f - a potion of invisibility {unknown}
 h - a potion of curing {unknown}
 m - a potion of brilliance {unknown}
 n - a potion of ambrosia {unknown}
 p - 2 potions of attraction {unknown}


   Skills:
 - Level 1.5 Fighting
 - Level 2.1 Short Blades
 - Level 2.0 Throwing
 - Level 1.3 Dodging
 * Level 9.0 Stealth


You had 3 spell levels left.
You didn't know any spells.
Your spell library contained the following spells:

 Spells                   Type           Power      Damage    Failure   Level
 Magic Dart               Conj           0%         1d3       32%         1
 Searing Ray              Conj           0%         2d4       45%         2
 Fulminant Prism          Conj/Hex       0%         3d5       97%         4


Dungeon Overview and Level Annotations

Branches:
Dungeon (3/15)

Altars:


Innate Abilities, Weirdness & Mutations

You are very small and have problems with some larger weapons.
You are too small for most types of armour.
You have supernaturally acute eyesight. (SInv)
You cover ground extremely quickly. (Speed+++)


Message History

The iguana is lightly wounded.
Hit: q) +2 dagger (speed)
Press: ? - help, Dir - move target, f/p - iguana
Aim: an iguana (lightly wounded, about 29% to evade your +2 dagger of speed)
You hit the iguana.
The iguana is moderately wounded.
The iguana barely misses you.
Hit: q) +2 dagger (speed)
Press: ? - help, Dir - move target, f/p - iguana
Aim: an iguana (moderately wounded, about 29% to evade your +2 dagger of speed)
You closely miss the iguana.
The iguana is moderately wounded.
The iguana bites you.
Hit: q) +2 dagger (speed)
Press: ? - help, Dir - move target, f/p - iguana
Aim: an iguana (moderately wounded, about 29% to evade your +2 dagger of speed)
Okay, then.
Throw: 3 darts (curare)
Press: ? - help, Q - select action, (/) - cycle Shift-Dir - straight line, f/p - iguana
Aim: an iguana (lightly wounded, 65% to hit)
You throw a curare-tipped dart. The curare-tipped dart hits the iguana.
The iguana is poisoned.
The iguana convulses.
The iguana seems to slow down.
The iguana is severely wounded.
The iguana bites you!
* * * LOW HITPOINT WARNING * * *
You hit the iguana but do no damage.
The iguana is severely wounded.
You hit the iguana.
The iguana is severely wounded.
You hit the iguana but do no damage.
The iguana is severely wounded.
The iguana closely misses you.
You hit the iguana.
The iguana is almost dead.
You hit the iguana but do no damage.
The iguana is almost dead.
The iguana bites you!
Ouch! That really hurt!
You die...

#.###.##....>....<#
#.................#
#.........#####+##
#.#.#####.# ##...##
#.### #.###.....##
#.#.###.##.......##
#....##.#.........##
#.......'.........'.
##.@.##.#.........##
#.###l###.##.......##
#.........###.....##
#####.##### ##...##
#.# ##+## #.# #.# ...
#..


You could see an iguana (very poisoned, slow).

Vanquished Creatures
  Robin (D:2)
  3 adders (D:2)
  2 worms (D:2)
  A dart slug (D:2)
  An orc (D:3)
  3 ball pythons (D:1)
  8 bats
  4 endoplasms
  A giant cockroach (D:2)
  7 goblins
  7 hobgoblins
  A jackal (D:1)
  A frilled lizard (D:1)
  3 kobolds
  3 rats
46 creatures vanquished.

Notes
Turn   | Place    | Note
-------+----------+-------------------------------------------
     0 | D:1      | Graphine the Spriggan Brigand began the quest for the Orb.
     0 | D:1      | Reached XP level 1. HP: 10/10 MP: 2/2
    50 | D:1      | Reached skill level 6 in Stealth
   113 | D:1      | Found a faded altar of an unknown god.
   269 | D:1      | Reached XP level 2. HP: 14/14 MP: 3/3
   489 | D:1      | Reached skill level 7 in Stealth
   981 | D:2      | Reached XP level 3. HP: 13/18 MP: 4/4
  1077 | D:2      | Noticed Robin
  1095 | D:2      | Killed Robin
  1096 | D:2      | Reached skill level 8 in Stealth
  1274 | D:2      | Identified the +8 spear of the Trees {pain, rC- Str+7}
  1393 | D:2      | Reached XP level 4. HP: 22/22 MP: 5/5
  1564 | D:2      | Reached skill level 9 in Stealth
  1947 | D:3      | Mangled by an iguana

Illustrated notes

Levels and vault maps discovered:
D:1:      saegor_arrival_under_anarchy, layout_basic, basic_ecumenical_altar,
          minmay_pentomino_o2
D:2:      layout_loops_cross, uniq_robin
D:3:      layout_loops_corners

Skill      XL: |  1  2  3  4 |
---------------+-------------+-----
Stealth        | 6 7 8 9 |  9.0
Fighting       | |  1.5
Short Blades   | |  2.1
Throwing       | |  2.0
Dodging        | |  1.3

Action                     |  1- 3 |  4- 6 || total
---------------------------+-------+-------++-------
  Melee: Dagger            |    80 |    29 ||   109
  Throw: Dart              |    34 |     1 ||    35
    Use: Scroll            |       |     2 ||     2
   Stab: Sleeping          |     7 |     4 ||    11
         Distracted        |     1 |       ||     1
 Armour: Robe              |    10 |     1 ||    11
  Dodge: Dodged            |    52 |     8 ||    60
